 Dungeon Crawl Stone Soup version 0.23-b1-6-ga921848b48 (webtiles) character file.

Game seed: 9545767721512015651

485 Gunterle the Slicer (level 7, -9/44 HPs)
             Began as a Kobold Berserker on Feb 2, 2019.
             Was a Priest of Trog.
             Mangled by an ogre
             ... wielding a +0 giant club
              (23 damage)
             ... on level 4 of the Dungeon.
             The game lasted 00:22:45 (2673 turns).

Gunterle the Slicer (Kobold Berserker)              Turns: 2673, Time: 00:22:46

Health: -9/44      AC:  3    Str: 15    XL:     7   Next: 35%
Magic:  7/7        EV: 15    Int:  8    God:    Trog [***...]
Gold:   197        SH:  0    Dex: 16    Spells: 6/6 levels left

rFire    . . .     SeeInvis .   j - +0 dagger (drain)
rCold    . . .     Gourm    .   (shield restricted)
rNeg     . . .     Faith    .   b - +0 animal skin
rPois    .         Spirit   .   (no helmet)
rElec    .         Reflect  .   (no cloak)
rCorr    .         Harm     .   (no gloves)
MR       .....                  i - +0 pair of boots
Stlth    +.........             (no amulet)
HPRegen  0.14/turn              (no ring)
MPRegen  0.10/turn              (no ring)

@: about to teleport, berserk cooldown, slowed, very slow
A: small, carnivore
a: Berserk, Trog's Hand, Renounce Religion


You were on level 4 of the Dungeon.
You worshipped Trog.
Trog was most pleased with you.
You were not hungry.

You visited 1 branch of the dungeon, and saw 4 of its levels.

You collected 197 gold pieces.

Inventory:

Hand Weapons
 a - a +0 short sword
 j - a +0 dagger of draining (weapon)
 m - a +1 spear of piercing
 v - a +0 shortbow
Missiles
 f - 132 stones (quivered)
 t - 8 needles of frenzy
 A - 25 bolts
Armour
 b - a +0 animal skin (worn)
 i - a +0 pair of boots (worn)
 o - a +1 scale mail of cold resistance
 r - a +0 buckler
Jewellery
 d - an uncursed ring of magical power {unknown}
 y - an uncursed ring of ice
Scrolls
 g - a scroll of teleportation
 q - a scroll of magic mapping
 s - a scroll of immolation {unknown}
 u - a scroll of fear {unknown}
 w - a scroll of enchant armour {unknown}
 x - a scroll of enchant weapon {unknown}
Potions
 e - 2 potions of magic
 h - 2 potions of might
 k - a potion of agility {unknown}
 l - 2 potions of heal wounds
 n - 2 potions of curing {unknown}
 p - a potion of brilliance {unknown}
 z - a potion of resistance {unknown}
 B - a potion of haste {unknown}
Comestibles
 c - 6 rations


   Skills:
 + Level 5.6 Fighting
 * Level 8.7 Short Blades
 - Level 1.6 Armour
 - Level 2.5 Dodging


You had 6 spell levels left.
You didn't know any spells.
Your spell library was empty.

Dungeon Overview and Level Annotations

Branches:
Dungeon (4/15)
 Temple: D:4-7

Altars:
Dithmenos
Fedhas
Trog
Yredelemnul

Annotations:
D:2 exclusion: oklob plant


Innate Abilities, Weirdness & Mutations

You are small and have problems with some larger weapons.
You are carnivorous and can eat meat at any time.


Message History

Trog accepts your kill.
You feel sick.
No target in view!
No target in view!
You feel a strong urge to attack something.
An ogre comes into view. It is wielding a +0 giant club.
Found a scroll of identify.
You feel your anger nearly subside.
You are no longer berserk.
You are exhausted.
You feel yourself slow down.
You feel sick. The ogre closely misses you.
The ogre hits you with a +0 giant club!!
Ouch! That really hurt!
You feel sick.
You are no longer poisoned.
As you read the scroll of teleportation, it crumbles to dust.
You feel strangely unstable.
The ogre hits you with a +0 giant club!!
Ouch! That really hurt!
You die...

#. .# #.#.# #.#.# #.#.#
### #...#
#.#.#########.#
#..#######..............
#............#########.#
##.########### ### #.# #
#.###########...#
#.....@O.....?...
###########...... .....
...# .## #


You could see an ogre.

Vanquished Creatures
  An ogre (D:4)
  A bullfrog skeleton (D:4)
  Crazy Yiuf (D:4)
  Natasha (D:3)
  An iguana (D:3)
  3 worker ants (D:4)
  7 gnolls
  5 adders
  A howler monkey skeleton (D:4)
  4 oozes
  2 worms (D:2)
  A leopard gecko (D:2)
  An orc (D:3)
  4 ball pythons
  10 bats
  5 giant cockroaches
  9 goblins
  4 hobgoblins
  6 jackals
  2 quokkas
  4 frilled lizards
  10 kobolds
  A leopard gecko skeleton (D:4)
  7 rats
91 creatures vanquished.

Notes
Turn   | Place    | Note
-------+----------+-------------------------------------------
     0 | D:1      | Gunterle the Kobold Berserker began the quest for the Orb.
     0 | D:1      | Reached XP level 1. HP: 14/14 MP: 1/1
   140 | D:1      | Reached XP level 2. HP: 17/19 MP: 2/2
   475 | D:1      | Reached XP level 3. HP: 22/24 MP: 3/3
   618 | D:1      | Reached skill level 5 in Short Blades
   728 | D:2      | Reached XP level 4. HP: 20/29 MP: 4/4
   774 | D:2      | Reached ** piety under Trog
   820 | D:2      | Found a blossoming altar of Fedhas.
   831 | D:2      | Noticed an oklob plant
  1037 | D:2      | Reached skill level 6 in Short Blades
  1165 | D:2      | Reached XP level 5. HP: 33/33 MP: 5/5
  1553 | D:3      | Found a shadowy altar of Dithmenos.
  1788 | D:3      | Reached skill level 7 in Short Blades
  1812 | D:3      | Reached XP level 6. HP: 39/39 MP: 6/6
  1894 | D:3      | Noticed Natasha
  1901 | D:3      | Killed Natasha
  1901 | D:3      | Reached *** piety under Trog
  2098 | D:4      | Reached skill level 5 in Fighting
  2104 | D:4      | Noticed an ogre
  2262 | D:4      | Noticed an ogre
  2271 | D:4      | Killed an ogre
  2271 | D:4      | Reached skill level 8 in Short Blades
  2271 | D:4      | Reached XP level 7. HP: 44/44 MP: 7/7
  2477 | D:4      | Found a bloodstained altar of Trog.
  2477 | D:4      | Found a basalt altar of Yredelemnul.
  2547 | D:4      | Found a runed translucent door.
  2548 | D:4      | Noticed Crazy Yiuf
  2559 | D:4      | Killed Crazy Yiuf
  2673 | D:4      | Mangled by an ogre

Skill      XL: |  1  2  3  4  5  6 |
---------------+-------------------+-----
Short Blades   | 5 6 7 8 |  8.7
Fighting       | 4 5 |  5.6
Armour         | |  1.6
Dodging        | |  2.5

Action                   |  1- 3 |  4- 6 |  7- 9 || total
-------------------------+-------+-------+-------++-------
Melee: Short sword       |    37 |     8 |       ||    45
       Dagger            |    28 |   173 |    14 ||   215
Throw: Stone             |       |     3 |     2 ||     5
Invok: Berserk           |     2 |     9 |     4 ||    15
  Use: Scroll            |       |     8 |     1 ||     9
 Stab: Sleeping          |     3 |     2 |       ||     5
  Eat: Chunk             |     9 |    13 |     1 ||    23
Armor: Animal skin       |    13 |    16 |       ||    29
Dodge: Dodged            |    37 |   107 |     3 ||   147
